 Dungeon Crawl Stone Soup version 0.27.0-1-g7a089689b8 (webtiles) character file.

Game seed: 17461680883338792907

8248 Armakuni the Mender (level 11, -10/96 HPs)
             Began as a Human Wanderer on Aug 14, 2021.
             Was a Priest of Elyvilon.
             Mangled by a centaur warrior (16 damage)
             ... on level 9 of the Dungeon.
             The game lasted 00:23:05 (8615 turns).

Armakuni the Mender (Human Wanderer)                Turns: 8615, Time: 00:23:06

Health: -10/96     AC: 11    Str: 16    XL:     11   Next: 52%
Magic:  15/22      EV: 11    Int: 13    God:    Elyvilon [***...]
Gold:   1037       SH:  0    Dex: 12    Spells: 11/14 levels left

rFire    + . .     SeeInvis .   b - +5 quarterstaff (freeze)
rCold    . . .     Faith    .   (shield currently unavailable)
rNeg     + . .     Spirit   .   p - +2 ring mail {rF+}
rPois    .         Reflect  .   (no helmet)
rElec    .         Harm     .   F - +2 cloak
rCorr    .         Rampage  .   (no gloves)
Will     .....                  B - +0 pair of boots
Stlth    +.........             R - amulet of Vitality {Regen+ HP+15}
HPRegen  1.26/turn              N - ring of positive energy
MPRegen  0.18/turn              L - ring of flight

@: flying, slowed, studying Crossbows, very slow
A: no striking features
a: Renounce Religion, Lesser Healing, Heal Other, Purification, Divine
Protection


You were on level 9 of the Dungeon.
You worshipped Elyvilon.
Elyvilon was most pleased with you.
You visited 1 branch of the dungeon, and saw 9 of its levels.
You also visited: Bailey.

You collected 1037 gold pieces.

Inventory:

Hand Weapons
 a - a +2 dagger of venom
 b - a +5 quarterstaff of freezing (weapon)
 r - a +0 falchion
 G - a +1 scimitar
Missiles
 i - 4 poisoned darts
 s - 72 boomerangs
 A - 2 throwing nets (quivered)
Armour
 p - a +2 ring mail of fire resistance (worn)
 w - a +0 kite shield
 x - a +0 buckler
 B - a +0 pair of boots (worn)
 F - a +2 cloak (worn)
Magical Staves
 z - a staff of fire
 H - a staff of cold
Jewellery
 L - a ring of flight (right hand)
 N - a ring of positive energy (left hand)
 R - the amulet of Vitality (around neck) {Regen+ HP+15}
   (You acquired it on level 2 of the Dungeon)

   [amulet of regeneration]

   HP:        It affects your health (+15).
   Regen:     It increases your rate of health regeneration.
Wands
 k - a wand of digging (7)
 q - a wand of flame (24)
Scrolls
 c - 6 scrolls of teleportation
 f - 2 scrolls of enchant armour
 n - a scroll of summoning {unknown}
 C - a scroll of magic mapping
 D - 2 scrolls of noise
Potions
 d - 3 potions of brilliance
 e - a potion of magic
 g - a potion of flight
 h - 2 potions of curing {unknown}
 j - a potion of heal wounds {unknown}
 l - a potion of invisibility
 m - a potion of attraction {unknown}
 o - 2 potions of might {unknown}
 t - a potion of cancellation {unknown}
 u - 3 potions of haste {unknown}
 v - a potion of lignification {unknown}


   Skills:
 + Level 5.7 Fighting
 - Level 2.3 Short Blades
 - Level 5.0 Staves
 - Level 2.0 Throwing
 + Level 2.5 Armour
 + Level 2.5 Dodging
 - Level 2.0 Spellcasting
 - Level 1.0 Hexes
 - Level 2.0 Translocations
 - Level 1.0 Ice Magic
 - Level 2.0 Poison Magic
 - Level 15.0 Invocations


You had 11 spell levels left.
You knew the following spells:

 Your Spells              Type           Power      Damage    Failure   Level
a - Summon Small Mammal   Summ           4%         N/A       43%         1
z - Searing Ray           Conj           2%         3d3       56%         2

Your spell library contained the following spells:

 Spells                   Type           Power      Damage    Failure   Level
 Magic Dart               Conj           4%         1d3       43%         1
 Portal Projectile        Hex/Tloc       10%        N/A       58%         3
 Call Canine Familiar     Summ           1%         N/A       80%         3
 Fulminant Prism          Conj/Hex       1%         3d6       98%         4
 Animate Armour           Summ/Erth      2%         N/A       99%         4
 Blade Hands              Tmut           0%         N/A       100%        5
 Excruciating Wounds      Necr           0%         N/A       100%        5
 Iron Shot                Conj/Erth      0%         9d1       100%        6


Dungeon Overview and Level Annotations

Branches:
Dungeon (9/15)             Temple (0/1) D:6          Bailey (visited)
   Lair: D:8-11         Orc: D:9-12

Altars:
Ashenzari
Elyvilon
Fedhas
Okawaru
Xom
The Shining One

Shops:
D:6 :*

Annotations:
D:3 exclusion: oklob plant


Message History

You hit the wraith. You freeze the wraith.
The wraith is severely damaged.
The wraith hits you.
You closely miss the wraith.
The wraith is severely damaged.
The wraith hits you! The wraith drains your vigour!
You feel as though you will be slow longer.
The wraith hits you!
You hit the wraith. You freeze the wraith.
The wraith is almost destroyed.
The wraith hits you but does no damage.
You hit the wraith. You freeze the wraith.
The wraith is almost destroyed.
The wraith hits you but does no damage. The wraith barely misses you.
You barely miss the wraith.
The wraith is almost destroyed.
The wraith hits you!
You hit the wraith.
You destroy the wraith!
The centaur warrior unwields the +6 mace "Jaesmopt" {vorpal, Dex+3}.
The centaur warrior wields a +0 shortbow.
The centaur warrior shoots an arrow.
The arrow hits you!
You start resting.
A centaur warrior is nearby!
The centaur warrior unwields a +0 shortbow.
The centaur warrior wields the +6 mace "Jaesmopt" {vorpal, Dex+3}.
The centaur warrior hits you with the +6 mace "Jaesmopt" {vorpal, Dex+3}.
The centaur warrior kicks you but does no damage.
The centaur warrior hits you with the +6 mace "Jaesmopt" {vorpal, Dex+3}!
* * * LOW HITPOINT WARNING * * *
x2 The centaur warrior kicks you but does no damage.
Press: ? - help, Dir - move target, f/p - centaur warrior Heal: a centaur warrior, wielding the +6 mace "Jaesmopt" {vorpal, Dex+3}, wearing a +0 robe, wearing a ring of magical power and quivering arrows (moderately wounded, chance to pacify: 59%)
The centaur warrior turns neutral.
You heal the centaur warrior.
The centaur warrior is completely healed.
The centaur warrior hits you with the +6 mace "Jaesmopt" {vorpal, Dex+3}!
* * * LOW HITPOINT WARNING * * *
x2 The centaur warrior completely misses you.
The centaur warrior hits you with the +6 mace "Jaesmopt" {vorpal, Dex+3}!
You die...

..#8....8# .###.z
..# #.. # ..# #.#
..# #.# ))# [. #.#
..# #. #.# ..#
###. #.# ..####
#..W #.# ..#..###
#... #@#
..###..####c.###c#
..#..##..###.#.)##
).###..##..##).##
).#..##..##..###
..###..##c)###
..#).##..###
..###..###
..#..###..


You could see a neutral centaur warrior (wandering).

Vanquished Creatures
  Harold (D:7)
  A centaur warrior (D:9)
  Pikel (D:4)
  Joseph (D:7)
  Grinder (D:5)
  A wraith (D:9)
  5 yaks
  3 steam dragons
  Edmund (D:5)
  2 water moccasins (D:6)
  An acid dragon (D:8)
  3 sky beasts
  3 orc warriors
  An ice beast (D:6)
  A black bear (D:5)
  4 centaurs
  4 lemures (D:4)
  3 phantoms (D:4)
  A kobold brigand (D:8)
  A bullfrog (D:7)
  A wyvern zombie (D:7)
  2 scorpions
  2 water moccasin skeletons
  4 killer bees (D:6)
  2 wights (D:9)
  2 centaur zombies
  A bullfrog skeleton (D:6)
  Crazy Yiuf (D:3)
  2 hounds
  A jelly (D:6)
  2 gnoll shamans
  2 iguanas
  Natasha (thrice) (D:2)
  2 orc wizards (D:9)
  A killer bee zombie (D:7)
  A hound skeleton (D:4)
  9 gnolls
  4 adders
  A shadow imp (D:7)
  A white imp (D:7)
  An adder skeleton (D:4)
  3 dart slugs
  17 orcs
  9 ball pythons
  10 endoplasms
  7 giant cockroaches
  13 hobgoblins
  3 jackals (D:1)
  33 kobolds
  6 quokkas
  5 bats
  7 frilled lizards
  12 goblins
  7 rats
216 creatures vanquished.

Vanquished Creatures (others)
  2 orc knights (Bailey)
  5 dream sheep (D:8)
  2 yaks (D:9)
  An acid dragon (D:7)
  A water moccasin (D:7)
  3 wights (D:9)
  A centaur zombie (D:9)
  An orc wizard (D:8)
  A howler monkey zombie (D:9)
  3 gnolls
  5 orcs (Bailey)
  4 plants (D:5)
29 creatures vanquished.

Grand Total: 245 creatures vanquished

Notes
Turn   | Place    | Note
-------+----------+-------------------------------------------
     0 | D:1      | Armakuni the Human Wanderer began the quest for the Orb.
     0 | D:1      | Armakuni set off with the following items: a +2 dagger, 2
                  | curare-tipped darts, a scroll of teleportation, a +0 robe;
                  | and the following spell memorised: Summon Small Mammal; and
                  | the following spells available to memorise: Call Canine
                  | Familiar
     0 | D:1      | Reached XP level 1. HP: 13/13 MP: 3/3
   100 | D:1      | Reached skill level 1 in Fighting
   115 | D:1      | Reached XP level 2. HP: 16/21 MP: 5/5
   675 | D:1      | Reached XP level 3. HP: 14/27 MP: 6/6
   884 | D:1      | Reached skill level 1 in Short Blades
  1281 | D:1      | Found Geuch's Antique Weapon Boutique.
  1321 | D:1      | Found a faded altar of an unknown god.
  1335 | D:1      | Became a worshipper of Elyvilon the Healer
  1335 | D:1      | Reached * piety under Elyvilon
  1447 | D:2      | Reached XP level 4. HP: 33/34 MP: 7/7
  1458 | D:2      | Identified a scroll of acquirement
  1458 | D:2      | Acquired the amulet of Vitality {Regen+ HP+15}
  1459 | D:2      | Found the amulet of Vitality {Regen+ HP+15}
  1494 | D:2      | Noticed Natasha
  1500 | D:2      | Killed Natasha
  1501 | D:2      | Reached skill level 1 in Invocations
  1910 | D:2      | Noticed Natasha
  1920 | D:2      | Killed Natasha
  1921 | D:2      | Reached XP level 5. HP: 33/41 MP: 8/8
  2039 | D:2      | Reached ** piety under Elyvilon
  2320 | D:2      | Noticed Natasha
  2331 | D:2      | Killed Natasha
  2332 | D:2      | Reached skill level 2 in Invocations
  2429 | D:3      | Found a runed translucent door.
  2430 | D:3      | Noticed Crazy Yiuf
  2502 | D:3      | Found a blossoming altar of Fedhas.
  2520 | D:3      | Noticed an oklob plant
  2782 | D:3      | Reached *** piety under Elyvilon
  2927 | D:3      | Reached skill level 3 in Invocations
  3252 | D:3      | Killed Crazy Yiuf
  3253 | D:3      | Reached XP level 6. HP: 42/47 MP: 0/9
  3522 | D:4      | Reached skill level 4 in Invocations
  3672 | D:4      | Noticed Sigmund
  3686 | D:4      | Pacified Sigmund
  3687 | D:4      | Reached skill level 5 in Invocations
  3687 | D:4      | Reached XP level 7. HP: 52/52 MP: 4/11
  3724 | D:4      | Noticed Pikel
  3736 | D:4      | Killed Pikel
  3737 | D:4      | Reached skill level 8 in Invocations
  3737 | D:4      | Reached XP level 8. HP: 58/58 MP: 9/14
  3839 | D:4      | Learned a level 2 spell: Searing Ray
  4005 | D:4      | Reached skill level 1 in Staves
  4112 | D:5      | Entered Level 5 of the Dungeon
  4212 | D:5      | Found a glowing golden altar of the Shining One.
  4329 | D:5      | Noticed Edmund
  4336 | D:5      | Killed Edmund
  4352 | D:5      | Reached **** piety under Elyvilon
  4758 | D:5      | Noticed Grinder
  4758 | D:5      | Paralysed by Grinder for 5 turns
  4768 | D:5      | Killed Grinder
  4769 | D:5      | Reached skill level 9 in Invocations
  4769 | D:5      | Reached XP level 9. HP: 66/66 MP: 10/15
  5298 | D:6      | Found a broken altar of Ashenzari.
  5478 | D:6      | Reached skill level 5 in Fighting
  5563 | D:6      | Reached skill level 10 in Invocations
  5658 | D:6      | Reached skill level 5 in Staves
  5663 | D:6      | Found Juzxiw's Serpentskin Sales.
  5694 | D:6      | Found Gag Hyr's Book Shoppe.
  5696 | D:6      | Found a staircase to the Ecumenical Temple.
  6217 | D:7      | Reached skill level 11 in Invocations
  6306 | D:7      | Reached XP level 10. HP: 74/74 MP: 18/18
  6335 | D:7      | Noticed Joseph
  6363 | D:7      | Killed Joseph
  6513 | D:7      | Noticed Harold
  6553 | D:7      | Killed Harold
  6554 | D:7      | Reached skill level 12 in Invocations
  6788 | D:7      | Reached skill level 13 in Invocations
  7209 | D:8      | Reached ***** piety under Elyvilon
  7210 | D:8      | Found a flagged portal.
  7224 | Bailey   | Entered a bailey
  7332 | Bailey   | Noticed an orc knight
  7337 | Bailey   | Noticed an orc knight
  7347 | Bailey   | Noticed an orc knight
  7354 | Bailey   | Pacified an orc knight
  7363 | Bailey   | Killed an orc knight
  7363 | Bailey   | Killed an orc knight
  7364 | Bailey   | Reached skill level 14 in Invocations
  7479 | D:8      | Reached XP level 11. HP: 79/79 MP: 21/21
  7501 | D:8      | Noticed a two-headed ogre
  7505 | D:8      | Pacified a two-headed ogre
  7596 | D:8      | Found an iron altar of Okawaru.
  7893 | D:8      | Found a shimmering altar of Xom.
  8339 | D:9      | Reached skill level 15 in Invocations
  8414 | D:9      | Reached skill level 1 in Armour
  8414 | D:9      | Reached skill level 1 in Dodging
  8546 | D:9      | Noticed a centaur warrior
  8559 | D:9      | Killed a centaur warrior
  8560 | D:9      | Identified the +6 mace "Jaesmopt" {vorpal, Dex+3}
  8560 | D:9      | Noticed a centaur warrior
  8615 | D:9      | Pacified a centaur warrior
  8615 | D:9      | Mangled by a centaur warrior

Illustrated notes

Levels and vault maps discovered:
D:1:      dpeg_arrival_short_road, layout_rooms, serial_shops, shop,
          ebering_ecumenical_altar_rust
D:2:      minmay_door_path, layout_loops_ring, uniq_natasha
D:3:      layout_basic, tgw_fedhas, grunt_ministairs_11,
          corexii_leaking_fountain, corexii_hall_statues_t,
          minmay_increasing_density, uniq_crazy_yiuf_cottage
D:4:      layout_gridville, amethyst_killhole, dk_vineyard_3, uniq_pikel,
          uniq_sigmund
D:5:      layout_layer_cave, nicolae_tso_swordbearing_angel, minmay_lizard_king,
          uniq_edmund, uniq_grinder
D:6:      layout_loops_ring, evilmike_ruin_ashenzari, minmay_temple_entry_glass,
          serial_shops, shop, glass_columns_a, hellmonk_bongcloud_opening,
          guppyfry_shop_venom
D:7:      layout_gridville, minmay_misc_feat_room, minmay_manual_monolith,
          uniq_harold, uniq_joseph
D:8:      layout_loops_ring, kb_xom_exploding_sheep, general_overflow_altar,
          enter_bailey_3, abandoned_shop, kennysheep_generic_room_2
D:9:      minmay_the_grid_triangle_9x9_recursive_2
          [minmay_the_grid_triangle_9x9_prize_schism,
          minmay_the_grid_triangle_9x9_shrine,
          minmay_the_grid_triangle_9x9_stretched_checkered,
          minmay_the_grid_triangle_9x9_impossible_snake], layout_rooms,
          gammafunk_temple_overflow_claw

Skill      XL: |  1  2  3  4  5  6  7  8  9 10 11 |
---------------+----------------------------------+-----
Fighting       | 1 2 3 4 5 |  5.7
Short Blades   | 1 2 |  2.3
Invocations    | 1 3 5 8 9 11 14 15 | 15.0
Staves         | 2 5 |  5.0
Armour         | 2 |  2.5
Dodging        | 2 |  2.5
Throwing       | |  2.0
Spellcasting   | |  2.0
Hexes          | |  1.0
Translocations | |  2.0
Ice Magic      | |  1.0
Poison Magic   | |  2.0

Action                   |  1- 3 |  4- 6 |  7- 9 | 10-12 || total
-------------------------+-------+-------+-------+-------++-------
Melee: Dagger            |   106 |   169 |    78 |       ||   353
       Quarterstaff      |       |       |   172 |   247 ||   419
Throw: Dart              |     1 |       |     5 |     2 ||     8
       Throwing net      |       |       |       |     1 ||     1
Invok: Lesser Healing    |       |     2 |     1 |    34 ||    37
       Heal Other        |       |     2 |     6 |    10 ||    18
       Purification      |       |       |       |     1 ||     1
Evoke: Wand              |       |     2 |    11 |    42 ||    55
  Use: Scroll            |       |    10 |     4 |     3 ||    17
       Potion            |       |       |       |     1 ||     1
Armor: Robe              |    19 |     7 |       |       ||    26
       Ring mail         |       |    35 |   138 |   158 ||   331
Dodge: Dodged            |    47 |    81 |   132 |   169 ||   429
